 Dungeon Crawl Stone Soup version 0.26-a0-642-g67e99244d3 (webtiles) character file.

Game seed: 2150807060520211269

3258 KennyOmg the Cleaver (level 10, 0/83 HPs)
             Began as a Hill Orc Fighter on Sept 23, 2020.
             Was a Follower of Okawaru.
             Slain by an orc warrior
             ... wielding a +0 battleaxe
              (11 damage)
             ... on level 8 of the Dungeon.
             The game lasted 00:16:35 (9193 turns).

KennyOmg the Cleaver (Hill Orc Fighter)             Turns: 9193, Time: 00:16:35

Health: 0/83       AC:  8    Str: 23    XL:     10   Next: 0%
Magic:  10/10      EV:  8    Int:  8    God:    Okawaru [*.....]
Gold:   433        SH: 12    Dex: 10    Spells: 9/9 levels left

rFire    . . .     SeeInvis .   a - +0 war axe
rCold    . . .     Faith    .   c - +0 kite shield
rNeg     . . .     Spirit   .   b - +0 scale mail
rPois    .         Reflect  .   (no helmet)
rElec    .         Harm     .   h - +0 cloak
rCorr    .         Rampage  .   (no gloves)
MR       .....                  (no boots)
Stlth    ..........             (no amulet)
HPRegen  0.23/turn              (no ring)
MPRegen  0.12/turn              (no ring)

@: no status effects
A: no striking features
a: Heroism, Renounce Religion


You were on level 8 of the Dungeon.
You worshipped Okawaru.
Okawaru was aware of your devotion.
You visited 2 branches of the dungeon, and saw 9 of its levels.
You also visited: Ossuary.

You collected 433 gold pieces.

Inventory:

Hand Weapons
 a - a +0 war axe (weapon)
 u - a +1 halberd of flaming
   (You took it off Maggie on level 6 of the Dungeon)
Armour
 b - a +0 scale mail (worn)
 c - a +0 kite shield (worn)
 h - a +0 cloak (worn)
   (You found it on level 1 of the Dungeon)
 v - +0 steam dragon scales
   (You took it off Maggie on level 6 of the Dungeon)
Scrolls
 f - 8 scrolls of remove curse {@r2}
 k - 2 scrolls of teleportation {unknown}
 m - 7 scrolls of identify {@r1}
 s - a scroll of fog {unknown}
 t - 2 scrolls of fear {unknown}
 w - a scroll of summoning {unknown}
 x - a scroll of random uselessness {unknown}
 y - 4 scrolls of blinking
 z - a scroll of magic mapping {unknown}
Potions
 d - a potion of might
 e - 3 potions of degeneration {!q}
 g - a potion of lignification {!q}
 i - a potion of brilliance
 j - 2 potions of invisibility
 l - 3 potions of berserk rage
 n - 4 potions of flight
 o - 6 potions of curing {@q1}
 p - 2 potions of haste {@q3}
 q - a potion of resistance {unknown}


   Skills:
 - Level 6.0 Fighting
 + Level 11.5 Axes
 - Level 6.0 Armour
 + Level 10.0 Shields


You had 9 spell levels left.
You didn't know any spells.
Your spell library was empty.

Dungeon Overview and Level Annotations

Branches:
Dungeon (8/15)             Temple (1/1) D:5         Ossuary (visited)
   Lair: D:8-11

Altars:
Ashenzari
Cheibriados
Dithmenos
Elyvilon
Fedhas
Gozag
Hepliaklqana
Kikubaaqudgha
Makhleb
Nemelex Xobeh
Okawaru
Qazlal
Sif Muna
Trog
Uskayaw
Wu Jian
Xom
Zin
The Shining One

Portals:
Bailey: D:8

Annotations:
D:5 2 runed translucent doors


Message History

You hear a splash.
You barely miss the orc warrior. The goblin misses you.
The orc warrior splashes around in the water.
You slash the orc!
You kill the orc!
Okawaru accepts your kill.
You hit the orc warrior. You block the goblin's attack.
You block the orc warrior's attack. The goblin hits you but does no damage.
Found a flagged portal.
Items here: )) [ ††.
You closely miss the orc warrior.
The orc warrior splashes around in the water.
The goblin hits you from afar with a +0 spear.
* * * LOW HITPOINT WARNING * * *
You slash the orc warrior! You block the orc warrior's attack.
The goblin barely misses you.
You hit the orc warrior but do no damage.
You block the goblin's attack.
The orc warrior hits you with a +0 battleaxe.
* * * LOW HITPOINT WARNING * * *
You feel much better. You block the goblin's attack.
You barely miss the orc warrior. The orc warrior closely misses you.
You block the goblin's attack.
You slash the orc warrior! You block the orc warrior's attack.
You block the goblin's attack.
You hit the orc warrior but do no damage.
The goblin barely misses you.
The orc warrior splashes around in the water.
You barely miss the orc warrior.
You hear the creaking of a portcullis.
The goblin hits you but does no damage.
You hit the orc warrior.
The orc warrior hits you with a +0 battleaxe!
* * * LOW HITPOINT WARNING * * *
You block the goblin's attack.
You closely miss the orc warrior.
The orc warrior splashes around in the water.
The goblin barely misses you.
Your scale mail prevents you from hitting the orc warrior.
The goblin barely misses you. You block the orc warrior's attack.
You barely miss the orc warrior. The goblin barely misses you.
You barely miss the orc warrior.
The orc warrior splashes around in the water.
You block the goblin's attack.
You hit the orc warrior. You block the orc warrior's attack.
The goblin closely misses you.
You completely miss the orc warrior.
The orc warrior hits you with a +0 battleaxe!
You die...

#...#####
###.#.....######
#..............
#####.......###..##
#####.........#.##....##
......##......#.........
########.......†)≈≈≈≈≈≈≈
...####....#.##.)o#####≈
[.........##.##.@)#
)#...^..^...#....≈g.∩.#
.##....^^....#.#.≈#...#
.#.^....^.....#..≈#####
.#.....^.........≈≈
........^......#....
..^........^..^#####
......^..^^.... ...


You could see an orc warrior and a goblin.

Vanquished Creatures
  Maggie (D:6)
  Prince Ribbit (D:8)
  A hippogriff (D:7)
  Sigmund (D:5)
  Menkaure (D:5)
  An ice beast (D:7)
  A black bear (D:7)
  An orc warrior (D:6)
  A sky beast (D:6)
  2 ogres
  A centaur (D:7)
  2 elf zombies (Ossuary)
  3 bullfrogs
  2 scorpions
  5 wights (D:7)
  2 howler monkeys
  A gnoll shaman (D:5)
  3 hounds
  2 centaur skeletons
  2 orc wizards (D:6)
  A bullfrog skeleton (D:7)
  A human zombie (Ossuary)
  A jelly (D:6)
  Crazy Yiuf (D:2)
  4 iguanas
  Terence (D:3)
  4 worker ants
  A big kobold zombie (Ossuary)
  4 mummies (Ossuary)
  A howler monkey zombie (D:7)
  8 gnolls
  15 adders
  A shadow imp (D:6)
  A white imp (D:7)
  3 adder skeletons
  An adder zombie (Ossuary)
  2 dart slugs (D:1)
  3 leopard geckos
  16 orcs
  8 bats
  8 giant cockroaches
  7 goblins
  15 hobgoblins
  13 jackals
  5 kobolds
  3 quokkas
  A ball python (D:2)
  2 frilled lizards
  A goblin zombie (Ossuary)
  A hobgoblin zombie (Ossuary)
  A jackal zombie (Ossuary)
  A kobold zombie (Ossuary)
  2 orc zombies (Ossuary)
  5 rats
  A rat zombie (Ossuary)
177 creatures vanquished.

Notes
Turn   | Place    | Note
-------+----------+-------------------------------------------
     0 | D:1      | KennyOmg the Hill Orc Fighter began the quest for the Orb.
     0 | D:1      | Reached XP level 1. HP: 19/19 MP: 1/1
   203 | D:1      | Reached XP level 2. HP: 27/27 MP: 2/2
   235 | D:1      | Reached skill level 3 in Axes
   751 | D:2      | Reached XP level 3. HP: 29/33 MP: 3/3
   945 | D:2      | Reached XP level 4. HP: 34/40 MP: 4/4
  1611 | D:2      | Found a runed translucent door.
  1612 | D:2      | Noticed Crazy Yiuf
  1618 | D:2      | Paralysed by Crazy Yiuf for 6 turns
  1624 | D:2      | HP: 1/41 [Crazy Yiuf/+4 quarterstaff of chaos (2)]
  1740 | D:2      | Killed Crazy Yiuf
  1740 | D:2      | Reached skill level 4 in Axes
  1740 | D:2      | Reached XP level 5. HP: 9/47 MP: 5/5
  2530 | D:3      | Noticed Terence
  2540 | D:3      | Killed Terence
  2671 | D:3      | Found an ornate altar of the Wu Jian Council.
  3361 | D:4      | Reached skill level 5 in Fighting
  3361 | D:4      | Reached XP level 6. HP: 51/56 MP: 6/6
  3694 | D:4      | Reached skill level 5 in Axes
  4311 | D:5      | Entered Level 5 of the Dungeon
  4370 | D:5      | Found an opulent altar of Gozag.
  4459 | D:5      | Noticed Menkaure
  4469 | D:5      | HP: 1/56 [Menkaure (18)]
  4472 | D:5      | Killed Menkaure
  4472 | D:5      | Reached skill level 5 in Armour
  4472 | D:5      | Reached skill level 5 in Shields
  4472 | D:5      | Reached XP level 7. HP: 2/62 MP: 7/7
  4946 | D:5      | Noticed Sigmund
  4958 | D:5      | Killed Sigmund
  4958 | D:5      | Reached skill level 6 in Axes
  5116 | D:5      | Found a runed translucent door.
  5117 | D:5      | Found a runed translucent door.
  5117 | D:5      | Noticed a soldier ant
  5131 | D:5      | Found a staircase to the Ecumenical Temple.
  5190 | Temple   | Entered the Ecumenical Temple
  5533 | D:5      | Reached XP level 8. HP: 67/70 MP: 8/8
  6091 | D:5      | Found a white marble altar of Elyvilon.
  6091 | D:5      | Found a glowing golden altar of the Shining One.
  6241 | D:6      | Reached skill level 7 in Axes
  6408 | D:6      | Found Teipp's Lightly-Used Armoury.
  6471 | D:6      | Found a sand-covered staircase.
  6481 | Ossuary  | Entered an ossuary
  6499 | Ossuary  | Reached skill level 8 in Axes
  7258 | D:6      | Noticed Maggie
  7279 | D:6      | Killed Maggie
  7279 | D:6      | Reached skill level 9 in Axes
  7279 | D:6      | Reached XP level 9. HP: 17/75 MP: 9/9
  7970 | D:7      | Found an iron altar of Okawaru.
  7973 | D:7      | Became a worshipper of Warmaster Okawaru
  7975 | D:7      | Reached skill level 10 in Axes
  8143 | D:7      | Found a white marble altar of Elyvilon.
  8415 | D:7      | Found a hazy altar of Hepliaklqana.
  8696 | D:7      | Reached * piety under Okawaru
  8740 | D:7      | Reached skill level 11 in Axes
  8847 | D:7      | Found a bloodstained altar of Trog.
  9046 | D:8      | Noticed Prince Ribbit
  9080 | D:8      | Found a shadowy altar of Dithmenos.
  9112 | D:8      | Killed Prince Ribbit
  9143 | D:8      | Reached skill level 10 in Shields
  9170 | D:8      | Reached XP level 10. HP: 28/83 MP: 10/10
  9178 | D:8      | Found a flagged portal.
  9181 | D:8      | HP: 3/83 [orc warrior/+0 battleaxe (5)]
  9193 | D:8      | Slain by an orc warrior

Illustrated notes

Levels and vault maps discovered:
D:1:      heliophobic_arrival_henge, layout_loops_ring, glass_columns_c
D:2:      minmay_door_path, layout_basic, grunt_decor_clamped, minivault_14,
          uniq_crazy_yiuf_cottage
D:3:      layout_loops_ring, overflow_temple_1_default, uniq_terence
D:4:      layout_loops_ring
D:5:      lemuel_insect_pit, layout_cave_pods,
          gammafunk_temple_overflow_elements, old_standard_altar, temple_pool_b,
          kennysheep_generic_room_4, uniq_menkaure, uniq_sigmund
D:6:      layout_cave_pools, nicolae_ossuary_entry_monument,
          minmay_shop_damaged, corexii_checkpoint_a, uniq_maggie
D:7:      layout_loops_cross, kennysheep_mini_moat,
          nicolae_overflow_crystal_walls, overflow_temple_1_default,
          elyvilon_altar_3
D:8:      layout_loops_ring, nicolae_ru_awakened_eye, overflow_temple_1_default,
          enter_bailey_3, minmay_holes, uniq_prince_ribbit1
Temple:   jpeg_temple_clearing

Skill      XL: |  1  2  3  4  5  6  7  8  9 |
---------------+----------------------------+-----
Axes           | 3 4 5 6 9 11 | 11.5
Fighting       | 4 5 6 |  6.0
Armour         | 4 5 6 |  6.0
Shields        | 4 5 8 10 | 10.0

Action                   |  1- 3 |  4- 6 |  7- 9 | 10-12 || total
-------------------------+-------+-------+-------+-------++-------
Melee: War axe           |    67 |   244 |   337 |    20 ||   668
  Use: Scroll            |       |    10 |       |       ||    10
       Potion            |       |       |     3 |     1 ||     4
Armor: Scale mail        |    34 |   113 |   122 |     3 ||   272
Dodge: Dodged            |    26 |    71 |   115 |    10 ||   222
Block: Kite shield       |    33 |   140 |   225 |    16 ||   414

Table legend: (Time is in decaauts)
 A = Elapsed time spent in this place.
 B = Non-inter-level travel time spent in this place.
 C = Inter-level travel time spent in this place.
 D = Time resting spent in this place.
 E = Time spent auto-exploring this place.
 F = Levels seen in this place.
 G = Mean time per level.
                   A        B        C        D        E       F      G
               +--------+--------+--------+--------+--------+-----+--------+
         Total |   9361 |   9010 |    351 |    996 |   6126 |  10 |  936.1 |
       Dungeon |   8710 |   8367 |    343 |    835 |   5767 |   8 | 1088.8 |
        Temple |    122 |    114 |      8 |      0 |     78 |   1 |  122.0 |
       Ossuary |    528 |    528 |      0 |    161 |    281 |   1 |  528.0 |
               +--------+--------+--------+--------+--------+-----+--------+

Top non-repeatable levels by time:
     D:5: 1829 daAuts
     D:2: 1747 daAuts
     D:7: 1226 daAuts
     D:4: 1081 daAuts
     D:6: 1020 daAuts
     D:3: 860 daAuts
     D:1: 735 daAuts
 Ossuary: 528 daAuts
     D:8: 207 daAuts
  Temple: 122 daAuts
